 Dungeon Crawl Stone Soup version 0.21.1-1-g345015fe64 (webtiles) character file.

44 Peloso the Skirmisher (level 3, 0/29 HPs)
             Began as a Demonspawn Fighter on Apr 14, 2018.
             Slain by a gnoll
             ... wielding a +0 spear
              (5 damage)
             ... on level 2 of the Dungeon.
             The game lasted 00:02:48 (770 turns).

Peloso the Skirmisher (Demonspawn Fighter)           Turns: 770, Time: 00:02:48

Health: 0/29       AC:  7    Str: 22    XL:     3   Next: 39%
Magic:  3/3        EV:  7    Int:  9    God:
Gold:   39         SH:  9    Dex: 14    Spells: 2/2 levels left

rFire    . . .     SeeInvis .   a - +0 long sword
rCold    . . .     Gourm    +   c - +0 shield
rNeg     . . .     Faith    .   b - +0 scale mail
rPois    .         Spirit   .   (no helmet)
rElec    .         Reflect  .   (no cloak)
rCorr    .         Harm     .   i - +0 pair of gloves (curse)
MR       .....                  (no boots)
Stlth    +.........             e - amulet of the gourmand
HPRegen  0.09/turn              g - +4 ring of slaying
MPRegen  0.08/turn              (no ring)

@: mighty
A: thin skeletal structure 1, spiny 1
a: no special abilities


You were on level 2 of the Dungeon.
You were not hungry.

You visited 1 branch of the dungeon, and saw 2 of its levels.

You collected 39 gold pieces.

Inventory:

Hand Weapons
 a - a +0 long sword (weapon)
Armour
 b - a +0 scale mail (worn)
 c - a +0 shield (worn)
 i - a cursed +0 pair of gloves (worn)
Jewellery
 e - an amulet of the gourmand (around neck)
 g - a +4 ring of slaying (left hand)
Scrolls
 h - a scroll of remove curse {unknown}
 j - a scroll of teleportation {unknown}
Potions
 d - 2 potions of might
 k - 2 potions of heal wounds {unknown}
 l - 2 potions of brilliance {unknown}
Comestibles
 f - 3 rations
 m - 2 chunks of flesh


   Skills:
 + Level 3.4 Fighting
 + Level 2.0 Long Blades
 + Level 2.9 Armour
 + Level 0.8 Dodging
 + Level 3.1 Shields


You had 2 spell levels left.
You didn't know any spells.

Dungeon Overview and Level Annotations

Branches:
Dungeon (2/15)

Altars:


Innate Abilities, Weirdness & Mutations

You have a somewhat thin skeletal structure. (Dex +2, Stealth)
You are partially covered in sharp spines.


Message History

You can't do that while held in a net.
You can't do that while held in a net.
You feel very mighty all of a sudden. The gnoll barely misses you.
The gnoll is struck by your spines. The gnoll hits you but does no damage.
You struggle against the net.
The gnoll barely misses you.
You riposte.
Your shield and scale mail prevent you from hitting the gnoll.
The gnoll is lightly wounded.
The gnoll hits you with a flail. The gnoll hits you with a club.
You struggle against the net.
The gnoll hits you with a spear. The gnoll barely misses you.
You riposte.
You hit the gnoll.
The gnoll is lightly wounded.
You struggle against the net.
The gnoll is struck by your spines. The gnoll hits you with a club.
The gnoll hits you but does no damage.
A bat comes into view.
You rip the net and break free!
You block the gnoll's attack. The gnoll hits you with a flail.
* * * LOW HITPOINT WARNING * * *
The gnoll hits you with a spear.
You die...

#......#
#.......
#......#
#....b.#
#......#
#......#
#...gg.#
#....@g#
########


You could see 3 gnolls and a bat.

Vanquished Creatures
  A gnoll (D:1)
  2 dart slugs (D:1)
  A leopard gecko (D:1)
  A ball python (D:1)
  3 bats (D:1)
  5 goblins (D:1)
  A hobgoblin (D:1)
  4 jackals (D:1)
  3 kobolds (D:1)
  3 frilled lizards (D:1)
  3 rats (D:1)
27 creatures vanquished.

Notes
Turn   | Place    | Note
-------+----------+-------------------------------------------
     0 | D:1      | Peloso the Demonspawn Fighter began the quest for the Orb.
     0 | D:1      | Reached XP level 1. HP: 18/18 MP: 1/1
   181 | D:1      | Gained mutation: You have a somewhat thin skeletal structure. (Dex +2, Stealth) [demonic ancestry]
   181 | D:1      | Reached XP level 2. HP: 24/24 MP: 2/2
   598 | D:1      | Gained mutation: You are partially covered in sharp spines. [demonic ancestry]
   598 | D:1      | Reached XP level 3. HP: 21/29 MP: 3/3
   770 | D:2      | Slain by a gnoll

Skill      XL: |  1  2 |
---------------+-------+-----
Shields        | 3 |  3.1
Long Blades    | 2 |  2.0
Fighting       | |  3.4
Armour         | |  2.9
Dodging        | |  0.8

Action                   || total
-------------------------++-------
Melee: Long sword        ||    67
  Use: Potion            ||     1
  Eat: Chunk             ||     3
Armor: Scale mail        ||    70
Dodge: Dodged            ||    32
Block: Shield            ||    67
       Rpst.: Long sword ||    10
